[ AOE2 MATCH · #483936725 ]
UnrankedJurchens vs Aztecs
[ REPLAY ANALYSIS · EXTRACTED FROM THE RECORDED GAME ]
Feudal
9:16
Castle
21:15
Imperial
35:42
| APM avg | 56.7 |
| APM peak | 93 |
| eAPM avg | 30.9 |
| Villagers / military | 163 / 55 |
Focus
⚔️ 47.8% · 🌾 52.2%
Cavalry Archer ×37 · Trade Cart ×36 · Unknown (1948) ×29 · Scout Cavalry ×9 · Fishing Ship ×5 · Monk ×4
Feudal
10:15
Castle
22:18
Imperial
38:37
| APM avg | 43.3 |
| APM peak | 85 |
| eAPM avg | 28.0 |
| Villagers / military | 158 / 95 |
Focus
⚔️ 38.4% · 🌾 61.6%
Eagle Scout ×57 · Trade Cart ×34 · Militia ×32 · Fishing Ship ×15 · Unknown (2626) ×15 · Galley ×3
Feudal
9:40
Castle
22:02
Imperial
—
| APM avg | 74.2 |
| APM peak | 109 |
| eAPM avg | 37.5 |
| Villagers / military | 189 / 109 |
Focus
⚔️ 36.7% · 🌾 63.3%
Monk ×72 · Scout Cavalry ×16 · Trade Cart ×14 · Archer ×7 · Mangonel ×7 · Fishing Ship ×6
Feudal
9:45
Castle
21:12
Imperial
41:50
| APM avg | 68.2 |
| APM peak | 98 |
| eAPM avg | 38.5 |
| Villagers / military | 178 / 211 |
Focus
⚔️ 45.9% · 🌾 54.1%
Knight ×174 · Fishing Ship ×13 · Galley ×9 · Scorpion ×7 · Spearman ×7 · Caravel ×5
Feudal
9:41
Castle
21:10
Imperial
47:50
| APM avg | 59.4 |
| APM peak | 107 |
| eAPM avg | 29.8 |
| Villagers / military | 134 / 71 |
Focus
⚔️ 33.6% · 🌾 66.4%
Unknown (2550) ×134 · Spearman ×64 · Unknown (2626) ×9 · Trade Cart ×7 · Battering Ram ×4 · Fire Galley ×3
Feudal
10:00
Castle
20:35
Imperial
34:35
| APM avg | 50.8 |
| APM peak | 73 |
| eAPM avg | 30.0 |
| Villagers / military | 242 / 225 |
Focus
⚔️ 36.8% · 🌾 63.2%
Cavalry Archer ×101 · Scout Cavalry ×90 · Fishing Ship ×27 · Knight ×18 · Unknown (2626) ×11 · Spearman ×5
Feudal
8:00
Castle
20:47
Imperial
42:50
| APM avg | 51.0 |
| APM peak | 80 |
| eAPM avg | 23.0 |
| Villagers / military | 164 / 171 |
Focus
⚔️ 35.8% · 🌾 64.2%
Scout Cavalry ×123 · Chakram Thrower ×27 · Trade Cart ×13 · Shrivamsha Rider ×10 · Camel Scout ×7 · Spearman ×2
Feudal
10:56
Castle
16:06
Imperial
30:23
| APM avg | 45.0 |
| APM peak | 84 |
| eAPM avg | 30.0 |
| Villagers / military | 173 / 152 |
Focus
⚔️ 49.2% · 🌾 50.8%
Camel Scout ×76 · Spearman ×50 · Trade Cart ×23 · Archer ×10 · Fire Galley ×5 · Trebuchet (Packed) ×4
Match map
Initial resources + every placement click. Lines = walls · curves = elevation contours. ◆ gold · ⬟ stone · ● berries · ✦ relic · ◌ wall gap
Your base· ✓ Map-separated
[R1] Pume's base· ✓ Map-separated
NOC | Terz's base· ✓ Map-separated
Oni.TaToH's base· ✓ Map-separated
NOC | Running's base· ✓ Map-separated
[R1] 12Tirador's base· ✓ Map-separated
Moneimon's base· ✓ Map-separated
Mango's base· ✓ Map-separated
Smoothed initial terrain · ◌ = detected wall gap · hover for details
Inputs per minute
— Nervkeks - - [R1] Pume
Build order — Nervkeks
First 150 of 454 actions detected
| 0:01 | Create | Villager (Male) |
| 0:01 | Create | Villager (Male) |
| 0:02 | Build | House |
| 0:03 | Build | House |
| 0:12 | Create | Villager (Male) |
| 0:13 | Create | Villager (Male) |
| 0:13 | Create | Villager (Male) |
| 0:15 | Create | Villager (Male) |
| 1:27 | Create | Villager (Male) |
| 1:47 | Create | Villager (Male) |
| 2:16 | Build | Lumber Camp |
| 2:51 | Create | Villager (Male) |
| 2:52 | Create | Villager (Male) |
| 2:58 | Create | Villager (Male) |
| 3:24 | Create | Villager (Male) |
| 3:59 | Create | Villager (Male) |
| 4:14 | Build | House |
| 4:55 | Create | Villager (Male) |
| 5:12 | Create | Villager (Male) |
| 5:27 | Build | Dock |
| 5:35 | Build | Palisade Wall |
| 5:36 | Build | Palisade Wall |
| 5:45 | Build | House |
| 5:55 | Build | House |
| 6:01 | Create | Villager (Male) |
| 6:19 | Create | Fishing Ship |
| 6:23 | Research | Loom |
| 7:01 | Research | Feudal Age |
| 7:20 | Build | House |
| 7:31 | Create | Fishing Ship |
| 7:42 | Create | Villager (Male) |
| 7:44 | Create | Villager (Male) |
| 8:26 | Build | Barracks |
| 8:45 | Create | Fishing Ship |
| 9:00 | Build | Palisade Wall |
| 9:01 | Build | Palisade Wall |
| 9:16 | Age | Feudal Age |
| 9:27 | Build | Stable |
| 9:30 | Create | Spearman |
| 9:42 | Research | Double-Bit Axe |
| 9:47 | Build | House |
| 9:56 | Create | Villager (Male) |
| 10:03 | Create | Spearman |
| 10:09 | Create | Villager (Male) |
| 10:12 | Create | Fishing Ship |
| 10:13 | Create | Fishing Ship |
| 10:21 | Create | Scout Cavalry |
| 10:21 | Create | Scout Cavalry |
| 10:29 | Build | House |
| 10:30 | Create | Villager (Male) |
| 10:43 | Build | Mill |
| 11:00 | Create | Scout Cavalry |
| 11:07 | Create | Villager (Male) |
| 11:13 | Build | House |
| 11:23 | Build | Farm |
| 11:25 | Build | Farm |
| 11:33 | Build | Farm |
| 11:39 | Create | Scout Cavalry |
| 11:43 | Create | Villager (Male) |
| 11:49 | Build | Farm |
| 11:57 | Create | Villager (Male) |
| 12:00 | Build | Farm |
| 12:15 | Build | Farm |
| 12:28 | Create | Scout Cavalry |
| 12:34 | Create | Villager (Male) |
| 12:35 | Build | Farm |
| 12:52 | Build | Farm |
| 12:55 | Create | Villager (Male) |
| 13:02 | Create | Scout Cavalry |
| 13:07 | Build | Farm |
| 13:16 | Create | Villager (Male) |
| 13:17 | Build | Farm |
| 13:18 | Build | Farm |
| 13:20 | Build | Farm |
| 13:26 | Create | Spearman |
| 13:45 | Create | Villager (Male) |
| 13:48 | Build | Palisade Gate |
| 13:50 | Build | House |
| 13:51 | Build | Palisade Wall |
| 13:55 | Create | Scout Cavalry |
| 13:57 | Build | House |
| 14:03 | Build | House |
| 14:06 | Create | Villager (Male) |
| 14:20 | Create | Villager (Male) |
| 14:21 | Build | Farm |
| 14:31 | Create | Scout Cavalry |
| 14:42 | Create | Villager (Male) |
| 15:03 | Build | Farm |
| 15:04 | Build | Farm |
| 15:19 | Create | Villager (Male) |
| 15:34 | Build | Mill |
| 15:38 | Create | Scout Cavalry |
| 15:49 | Create | Villager (Male) |
| 15:58 | Build | Farm |
| 16:14 | Create | Villager (Male) |
| 16:31 | Build | Mining Camp |
| 16:42 | Research | Wheelbarrow |
| 17:33 | Build | Market |
| 18:10 | Create | Villager (Male) |
| 18:13 | Build | House |
| 18:14 | Build | Palisade Wall |
| 18:17 | Build | Palisade Wall |
| 18:20 | Build | Palisade Wall |
| 18:28 | Research | Castle Age |
| 18:28 | Research | Castle Age |
| 18:42 | Research | Gold Mining |
| 19:09 | Research | Horse Collar |
| 19:13 | Build | Lumber Camp |
| 19:48 | Create | Villager (Male) |
| 20:14 | Create | Villager (Male) |
| 20:31 | Build | Archery Range |
| 20:34 | Build | Archery Range |
| 21:02 | Build | Mining Camp |
| 21:15 | Age | Castle Age |
| 21:24 | Build | Blacksmith |
| 21:27 | Research | Bow Saw |
| 21:31 | Create | Cavalry Archer |
| 21:31 | Create | Cavalry Archer |
| 21:38 | Create | Villager (Male) |
| 21:50 | Create | Cavalry Archer |
| 21:51 | Create | Cavalry Archer |
| 22:06 | Research | Fletching |
| 22:09 | Create | Villager (Male) |
| 22:15 | Create | Cavalry Archer |
| 22:16 | Create | Cavalry Archer |
| 22:17 | Create | Villager (Male) |
| 22:37 | Research | Bodkin Arrow |
| 22:38 | Research | Padded Archer Armor |
| 22:40 | Create | Villager (Male) |
| 22:58 | Create | Cavalry Archer |
| 22:59 | Create | Cavalry Archer |
| 23:05 | Create | Villager (Male) |
| 23:23 | Create | Cavalry Archer |
| 23:24 | Create | Cavalry Archer |
| 23:41 | Create | Villager (Male) |
| 23:47 | Build | Town Center |
| 23:56 | Create | Cavalry Archer |
| 24:05 | Build | House |
| 24:06 | Build | House |
| 24:22 | Build | House |
| 24:40 | Create | Villager (Male) |
| 24:44 | Create | Villager (Male) |
| 24:47 | Create | Cavalry Archer |
| 24:48 | Create | Cavalry Archer |
| 24:56 | Build | Lumber Camp |
| 25:15 | Create | Cavalry Archer |
| 25:15 | Create | Cavalry Archer |
| 25:26 | Create | Cavalry Archer |
| 25:26 | Create | Cavalry Archer |
| 25:28 | Create | Villager (Male) |
Build order — [R1] Pume
First 150 of 482 actions detected
| 0:01 | Create | Villager (Male) |
| 0:01 | Create | Villager (Male) |
| 0:03 | Build | House |
| 0:04 | Create | Villager (Male) |
| 0:05 | Build | House |
| 0:11 | Create | Villager (Male) |
| 0:16 | Create | Villager (Male) |
| 0:19 | Create | Villager (Male) |
| 1:19 | Create | Villager (Male) |
| 2:22 | Create | Villager (Male) |
| 2:25 | Create | Villager (Male) |
| 2:30 | Create | Villager (Male) |
| 2:45 | Build | Lumber Camp |
| 3:18 | Create | Villager (Male) |
| 3:41 | Create | Villager (Male) |
| 3:46 | Create | Villager (Male) |
| 3:50 | Build | Palisade Wall |
| 4:03 | Create | Villager (Male) |
| 4:26 | Create | Villager (Male) |
| 4:40 | Research | Loom |
| 4:42 | Build | House |
| 4:53 | Create | Villager (Male) |
| 4:58 | Create | Villager (Male) |
| 5:14 | Create | Villager (Male) |
| 5:22 | Create | Villager (Male) |
| 5:44 | Create | Villager (Male) |
| 5:50 | Build | House |
| 5:55 | Create | Villager (Male) |
| 6:09 | Build | Dock |
| 6:10 | Create | Villager (Male) |
| 7:00 | Create | Fishing Ship |
| 7:30 | Build | Palisade Wall |
| 7:31 | Build | Palisade Wall |
| 7:32 | Build | Palisade Wall |
| 7:36 | Create | Villager (Male) |
| 7:48 | Create | Fishing Ship |
| 7:50 | Create | Villager (Male) |
| 8:03 | Research | Feudal Age |
| 8:06 | Build | Mining Camp |
| 8:50 | Build | Dock |
| 8:54 | Create | Villager (Male) |
| 9:26 | Build | Dock |
| 9:38 | Create | Villager (Male) |
| 10:09 | Build | House |
| 10:15 | Age | Feudal Age |
| 10:18 | Create | Unit 2626 |
| 10:18 | Create | Unit 2626 |
| 10:18 | Create | Unit 2626 |
| 10:20 | Build | House |
| 10:27 | Create | Unit 2626 |
| 10:44 | Build | Palisade Wall |
| 10:52 | Create | Unit 2626 |
| 10:53 | Create | Villager (Male) |
| 11:02 | Build | House |
| 11:10 | Create | Unit 2626 |
| 11:11 | Research | Double-Bit Axe |
| 11:12 | Create | Villager (Male) |
| 11:29 | Create | Unit 2626 |
| 11:30 | Create | Unit 2626 |
| 11:45 | Create | Unit 2626 |
| 11:47 | Build | House |
| 11:54 | Create | Villager (Male) |
| 12:03 | Build | Mill |
| 12:11 | Create | Unit 2626 |
| 12:22 | Create | Unit 2626 |
| 12:22 | Create | Unit 2626 |
| 12:23 | Create | Villager (Male) |
| 12:26 | Build | House |
| 12:33 | Create | Fishing Ship |
| 12:49 | Create | Unit 2626 |
| 13:03 | Create | Villager (Male) |
| 13:06 | Create | Fishing Ship |
| 13:06 | Create | Fishing Ship |
| 13:34 | Create | Villager (Male) |
| 13:41 | Create | Villager (Male) |
| 13:59 | Create | Villager (Male) |
| 14:00 | Create | Fishing Ship |
| 14:00 | Create | Fishing Ship |
| 14:01 | Create | Fishing Ship |
| 14:09 | Build | Palisade Wall |
| 14:10 | Build | House |
| 14:12 | Build | House |
| 14:13 | Build | Palisade Wall |
| 14:15 | Build | House |
| 14:16 | Build | Palisade Wall |
| 14:18 | Build | Palisade Wall |
| 14:21 | Build | Palisade Wall |
| 14:28 | Create | Unit 2626 |
| 14:29 | Create | Villager (Male) |
| 14:37 | Create | Villager (Male) |
| 14:44 | Build | Palisade Wall |
| 14:52 | Research | Horse Collar |
| 14:53 | Build | Farm |
| 15:11 | Build | Farm |
| 15:11 | Build | Farm |
| 15:11 | Build | Farm |
| 15:20 | Build | Palisade Wall |
| 15:23 | Build | House |
| 15:25 | Create | Villager (Male) |
| 15:26 | Build | Farm |
| 15:29 | Create | Villager (Male) |
| 15:44 | Create | Villager (Male) |
| 15:48 | Create | Villager (Male) |
| 15:52 | Create | Villager (Male) |
| 15:53 | Build | Farm |
| 15:55 | Build | Farm |
| 15:57 | Build | Farm |
| 15:59 | Build | Farm |
| 16:06 | Research | Town Watch |
| 16:06 | Research | Town Watch |
| 16:31 | Create | Villager (Male) |
| 16:53 | Create | Villager (Male) |
| 16:59 | Build | Farm |
| 17:08 | Build | Lumber Camp |
| 17:20 | Create | Villager (Male) |
| 17:26 | Build | Market |
| 17:49 | Create | Villager (Male) |
| 18:17 | Create | Villager (Male) |
| 18:21 | Build | Blacksmith |
| 18:24 | Create | Villager (Male) |
| 18:47 | Research | Tech 906 |
| 19:05 | Create | Villager (Male) |
| 19:09 | Build | Mining Camp |
| 19:33 | Create | Unit 2626 |
| 19:35 | Create | Transport Ship |
| 19:36 | Create | Transport Ship |
| 19:38 | Research | Castle Age |
| 19:41 | Build | House |
| 19:47 | Create | Galley |
| 19:48 | Create | Galley |
| 19:48 | Create | Galley |
| 20:43 | Build | Dock |
| 20:44 | Create | Fishing Ship |
| 20:44 | Create | Fishing Ship |
| 20:44 | Create | Fishing Ship |
| 20:45 | Create | Fishing Ship |
| 20:47 | Research | Gold Mining |
| 21:12 | Create | Villager (Male) |
| 21:32 | Create | Fishing Ship |
| 21:32 | Create | Fishing Ship |
| 21:32 | Create | Fishing Ship |
| 21:34 | Build | Dock |
| 21:53 | Create | Villager (Male) |
| 22:18 | Age | Castle Age |
| 22:25 | Build | Town Center |
| 22:32 | Create | Villager (Male) |
| 23:02 | Create | Villager (Male) |
| 23:04 | Create | Villager (Male) |
| 23:06 | Create | Villager (Male) |
| 23:15 | Create | Villager (Male) |
Build order — NOC | Terz
First 150 of 474 actions detected
| 0:00 | Create | Villager (Male) |
| 0:01 | Create | Villager (Male) |
| 0:01 | Create | Villager (Male) |
| 0:01 | Create | Villager (Male) |
| 0:02 | Build | House |
| 0:03 | Build | House |
| 0:03 | Create | Villager (Male) |
| 0:03 | Create | Villager (Male) |
| 1:32 | Create | Villager (Male) |
| 1:33 | Create | Villager (Male) |
| 1:48 | Build | Lumber Camp |
| 2:00 | Create | Villager (Male) |
| 2:14 | Create | Villager (Male) |
| 3:03 | Create | Villager (Male) |
| 3:33 | Build | House |
| 3:55 | Create | Villager (Male) |
| 4:19 | Create | Villager (Male) |
| 4:19 | Create | Villager (Male) |
| 4:34 | Build | Dock |
| 4:39 | Create | Villager (Male) |
| 4:39 | Create | Villager (Male) |
| 5:00 | Build | Palisade Wall |
| 5:01 | Build | Palisade Wall |
| 5:06 | Create | Villager (Male) |
| 5:26 | Create | Fishing Ship |
| 5:26 | Create | Fishing Ship |
| 5:28 | Build | House |
| 6:02 | Create | Villager (Male) |
| 6:10 | Create | Fishing Ship |
| 6:21 | Create | Villager (Male) |
| 6:30 | Create | Villager (Male) |
| 6:43 | Create | Fishing Ship |
| 6:58 | Build | House |
| 7:02 | Research | Loom |
| 7:24 | Research | Feudal Age |
| 7:34 | Create | Fishing Ship |
| 8:05 | Create | Fishing Ship |
| 8:32 | Build | Lumber Camp |
| 8:38 | Build | House |
| 8:59 | Create | Villager (Male) |
| 9:14 | Build | Barracks |
| 9:40 | Age | Feudal Age |
| 9:46 | Create | Villager (Male) |
| 10:00 | Build | Stable |
| 10:07 | Create | Villager (Male) |
| 10:18 | Create | Villager (Male) |
| 10:20 | Research | Double-Bit Axe |
| 10:20 | Research | Double-Bit Axe |
| 10:23 | Build | House |
| 10:31 | Create | Unit 2626 |
| 10:47 | Create | Scout Cavalry |
| 10:48 | Create | Scout Cavalry |
| 10:51 | Create | Villager (Male) |
| 10:53 | Create | Fire Galley |
| 10:59 | Build | House |
| 11:01 | Build | Mill |
| 11:26 | Create | Scout Cavalry |
| 11:27 | Create | Scout Cavalry |
| 11:29 | Create | Villager (Male) |
| 11:31 | Build | House |
| 11:35 | Create | Unit 2626 |
| 11:42 | Research | Horse Collar |
| 11:51 | Create | Villager (Male) |
| 11:57 | Build | House |
| 12:11 | Create | Scout Cavalry |
| 12:14 | Build | Farm |
| 12:14 | Build | Farm |
| 12:28 | Build | House |
| 12:35 | Build | House |
| 12:35 | Build | House |
| 12:46 | Create | Villager (Male) |
| 12:49 | Build | Farm |
| 12:50 | Build | Farm |
| 12:51 | Create | Villager (Male) |
| 12:51 | Create | Villager (Male) |
| 13:00 | Build | House |
| 13:14 | Build | Farm |
| 13:15 | Build | Farm |
| 13:15 | Create | Villager (Male) |
| 13:17 | Build | Farm |
| 13:30 | Create | Villager (Male) |
| 13:37 | Build | Stable |
| 13:46 | Build | House |
| 13:49 | Create | Villager (Male) |
| 14:02 | Build | Stable |
| 14:09 | Build | Farm |
| 14:10 | Build | Farm |
| 14:11 | Build | Farm |
| 14:11 | Build | Farm |
| 14:23 | Create | Villager (Male) |
| 14:47 | Build | Blacksmith |
| 15:01 | Build | Farm |
| 15:02 | Create | Scout Cavalry |
| 15:05 | Build | House |
| 15:06 | Build | House |
| 15:13 | Research | Wheelbarrow |
| 15:30 | Build | Mining Camp |
| 15:44 | Build | Farm |
| 15:56 | Create | Spearman |
| 15:59 | Create | Scout Cavalry |
| 15:59 | Create | Scout Cavalry |
| 16:00 | Build | House |
| 16:01 | Build | Palisade Wall |
| 16:02 | Create | Villager (Male) |
| 16:03 | Build | Palisade Wall |
| 16:07 | Create | Spearman |
| 16:13 | Build | House |
| 16:17 | Create | Spearman |
| 16:30 | Research | Forging |
| 16:33 | Create | Scout Cavalry |
| 16:41 | Build | House |
| 16:43 | Build | Palisade Wall |
| 16:43 | Create | Villager (Male) |
| 16:46 | Build | House |
| 16:48 | Build | House |
| 16:50 | Create | Spearman |
| 16:59 | Create | Villager (Male) |
| 16:59 | Create | Spearman |
| 17:28 | Create | Villager (Male) |
| 17:56 | Build | Market |
| 17:57 | Create | Villager (Male) |
| 18:06 | Create | Scout Cavalry |
| 18:35 | Create | Scout Cavalry |
| 18:37 | Build | House |
| 19:22 | Research | Castle Age |
| 19:34 | Create | Scout Cavalry |
| 19:50 | Build | Archery Range |
| 19:51 | Create | Scout Cavalry |
| 20:11 | Create | Scout Cavalry |
| 20:54 | Create | Scout Cavalry |
| 20:57 | Create | Archer |
| 20:57 | Create | Archer |
| 20:58 | Build | House |
| 21:05 | Research | Scale Barding Armor |
| 21:12 | Research | Fletching |
| 21:21 | Create | Villager (Male) |
| 21:25 | Create | Villager (Male) |
| 21:43 | Create | Scout Cavalry |
| 21:48 | Create | Archer |
| 21:49 | Create | Archer |
| 21:49 | Create | Archer |
| 21:54 | Build | House |
| 22:02 | Age | Castle Age |
| 22:05 | Research | Light Cavalry (upgrade) |
| 22:07 | Build | Siege Workshop |
| 22:09 | Build | Monastery |
| 22:15 | Create | Villager (Male) |
| 22:32 | Research | Bloodlines |
| 22:33 | Create | Villager (Male) |
| 22:47 | Create | Villager (Male) |
Build order — Oni.TaToH
First 150 of 655 actions detected
| 0:00 | Create | Villager (Male) ×5 |
| 0:01 | Create | Villager (Male) |
| 0:01 | Build | House |
| 0:03 | Build | House |
| 1:38 | Create | Villager (Male) |
| 2:02 | Create | Villager (Male) |
| 2:18 | Build | Lumber Camp |
| 2:59 | Create | Villager (Male) |
| 3:22 | Create | Villager (Male) |
| 3:24 | Build | House |
| 3:53 | Create | Villager (Male) |
| 4:01 | Build | Palisade Wall |
| 4:02 | Build | Palisade Wall |
| 4:05 | Build | Palisade Wall |
| 4:07 | Build | Palisade Wall |
| 4:11 | Create | Villager (Male) |
| 4:42 | Create | Villager (Male) |
| 4:46 | Build | Palisade Wall |
| 4:47 | Build | Palisade Wall |
| 4:49 | Build | Palisade Wall |
| 4:52 | Build | Palisade Wall |
| 5:01 | Create | Villager (Male) |
| 5:04 | Build | Palisade Wall |
| 5:07 | Create | Villager (Male) |
| 5:11 | Build | Palisade Wall |
| 5:19 | Build | Palisade Wall |
| 5:34 | Build | House |
| 5:50 | Build | Dock |
| 6:12 | Create | Villager (Male) |
| 6:33 | Create | Fishing Ship |
| 6:40 | Research | Loom |
| 6:52 | Create | Fishing Ship |
| 7:00 | Create | Villager (Male) |
| 7:22 | Create | Fishing Ship |
| 7:35 | Research | Feudal Age |
| 8:05 | Build | Lumber Camp |
| 8:28 | Build | House |
| 8:36 | Build | Dock |
| 8:48 | Create | Fishing Ship |
| 9:37 | Create | Villager (Male) |
| 9:40 | Build | Mining Camp |
| 9:45 | Age | Feudal Age |
| 9:48 | Create | Galley |
| 9:48 | Create | Galley |
| 10:04 | Research | Double-Bit Axe |
| 10:05 | Create | Villager (Male) |
| 10:11 | Build | House |
| 10:18 | Create | Villager (Male) |
| 10:20 | Build | Mill |
| 10:38 | Create | Galley |
| 11:00 | Create | Galley |
| 11:15 | Create | Villager (Male) |
| 11:22 | Create | Villager (Male) |
| 11:32 | Create | Villager (Male) |
| 11:33 | Build | House |
| 11:34 | Create | Galley |
| 11:41 | Build | House |
| 11:42 | Build | Palisade Gate |
| 11:45 | Build | Palisade Wall |
| 11:51 | Create | Galley |
| 11:56 | Create | Villager (Male) |
| 12:14 | Build | House |
| 12:17 | Create | Villager (Male) |
| 12:20 | Build | Palisade Wall |
| 12:20 | Build | Palisade Wall |
| 12:20 | Build | Palisade Wall |
| 12:33 | Create | Galley |
| 12:52 | Create | Villager (Male) |
| 13:09 | Create | Villager (Male) |
| 13:12 | Build | Barracks |
| 13:19 | Create | Fire Galley |
| 13:19 | Create | Fire Galley |
| 13:29 | Build | Palisade Wall |
| 13:29 | Build | Palisade Wall |
| 13:30 | Build | Palisade Wall |
| 13:30 | Build | Palisade Wall |
| 13:32 | Build | Palisade Wall |
| 13:34 | Build | Palisade Wall |
| 13:34 | Build | Palisade Wall |
| 13:48 | Build | Palisade Wall |
| 13:51 | Build | Palisade Wall |
| 14:03 | Create | Spearman |
| 14:06 | Build | Mill |
| 14:08 | Create | Villager (Male) |
| 14:11 | Build | House |
| 14:13 | Build | Palisade Wall |
| 14:14 | Build | Palisade Wall |
| 14:14 | Build | Palisade Wall |
| 14:15 | Build | Palisade Wall |
| 14:15 | Build | Palisade Wall |
| 14:16 | Build | Palisade Wall |
| 14:26 | Create | Fishing Ship |
| 14:26 | Create | Fishing Ship |
| 14:27 | Create | Villager (Male) |
| 14:34 | Create | Villager (Male) |
| 14:35 | Build | Farm |
| 14:36 | Build | Farm |
| 15:03 | Build | Market |
| 15:04 | Create | Villager (Male) |
| 15:14 | Create | Spearman |
| 15:29 | Create | Spearman |
| 15:39 | Create | Villager (Male) |
| 15:52 | Create | Villager (Male) |
| 16:04 | Research | Town Watch |
| 16:10 | Build | Blacksmith |
| 16:20 | Create | Fishing Ship |
| 16:20 | Create | Fishing Ship |
| 16:36 | Create | Villager (Male) |
| 16:40 | Create | Fishing Ship |
| 16:41 | Create | Fishing Ship |
| 16:45 | Build | Dock |
| 16:53 | Build | Farm |
| 16:59 | Create | Villager (Male) |
| 17:06 | Create | Spearman |
| 17:17 | Create | Villager (Male) |
| 17:24 | Build | Farm |
| 17:35 | Research | Tech 906 |
| 17:37 | Create | Villager (Male) |
| 17:38 | Build | Farm |
| 18:00 | Build | House |
| 18:03 | Create | Fishing Ship |
| 18:32 | Research | Castle Age |
| 18:42 | Create | Fishing Ship |
| 18:46 | Build | House |
| 19:03 | Research | Gold Mining |
| 19:03 | Research | Horse Collar |
| 19:03 | Research | Horse Collar |
| 19:07 | Create | Fishing Ship |
| 19:31 | Build | House |
| 19:35 | Create | Galley |
| 19:36 | Create | Galley |
| 20:39 | Create | Villager (Male) |
| 20:59 | Create | Spearman |
| 21:12 | Age | Castle Age |
| 21:14 | Create | Villager (Male) |
| 21:16 | Build | Town Center |
| 21:21 | Create | Villager (Male) |
| 21:25 | Build | Monastery |
| 21:41 | Create | Spearman |
| 21:43 | Research | Bow Saw |
| 21:44 | Create | Villager (Male) |
| 22:03 | Create | Villager (Male) |
| 22:04 | Create | Monk |
| 22:09 | Create | Villager (Male) |
| 22:14 | Build | Town Center |
| 22:29 | Build | House |
| 22:32 | Build | House |
| 22:34 | Create | Villager (Male) |
| 22:35 | Create | Villager (Male) |
| 22:39 | Create | Spearman |
Build order — NOC | Running
First 150 of 462 actions detected
| 0:01 | Create | Villager (Male) |
| 0:01 | Create | Villager (Male) |
| 0:01 | Create | Villager (Male) |
| 0:02 | Create | Villager (Male) |
| 0:03 | Build | House |
| 0:07 | Create | Villager (Male) |
| 0:08 | Create | Villager (Male) |
| 1:39 | Create | Villager (Male) |
| 2:04 | Build | Settlement |
| 2:44 | Create | Villager (Male) |
| 3:06 | Create | Villager (Male) |
| 3:10 | Create | Villager (Male) |
| 3:48 | Create | Villager (Male) |
| 4:06 | Create | Villager (Male) |
| 4:11 | Build | Palisade Wall |
| 4:13 | Build | Palisade Wall |
| 4:15 | Build | Palisade Wall |
| 4:16 | Build | Palisade Wall |
| 4:55 | Create | Villager (Male) |
| 4:55 | Create | Villager (Male) |
| 5:15 | Create | Villager (Male) |
| 5:21 | Build | Dock |
| 5:49 | Build | Palisade Wall |
| 5:50 | Build | Palisade Wall |
| 6:05 | Create | Villager (Male) |
| 6:07 | Create | Fishing Ship |
| 6:29 | Create | Villager (Male) |
| 6:37 | Create | Fishing Ship |
| 7:05 | Research | Loom |
| 7:14 | Build | Settlement |
| 7:27 | Research | Feudal Age |
| 7:56 | Create | Fishing Ship |
| 8:39 | Build | Dock |
| 9:25 | Create | Villager (Male) |
| 9:41 | Age | Feudal Age |
| 9:43 | Create | Unit 2626 |
| 9:43 | Create | Unit 2626 |
| 10:01 | Build | House |
| 10:06 | Create | Villager (Male) |
| 10:12 | Research | Double-Bit Axe |
| 10:33 | Create | Fire Galley |
| 10:34 | Create | Villager (Male) |
| 10:34 | Create | Villager (Male) |
| 10:39 | Build | Dock |
| 10:53 | Create | Fire Galley |
| 10:55 | Create | Villager (Male) |
| 11:35 | Create | Unit 2626 |
| 11:35 | Create | Fire Galley |
| 11:36 | Create | Villager (Male) |
| 11:40 | Build | House |
| 12:09 | Create | Villager (Male) |
| 12:13 | Create | Unit 2626 |
| 12:14 | Create | Unit 2626 |
| 12:14 | Create | Unit 2626 |
| 12:39 | Create | Unit 2626 |
| 12:46 | Create | Villager (Male) |
| 13:06 | Build | House |
| 13:11 | Build | Settlement |
| 13:40 | Create | Unit 2626 |
| 13:52 | Create | Villager (Male) |
| 13:52 | Create | Villager (Male) |
| 13:54 | Build | Market |
| 14:12 | Create | Villager (Male) |
| 14:53 | Create | Villager (Male) |
| 15:07 | Create | Unit 2626 |
| 15:11 | Create | Villager (Male) |
| 15:12 | Create | Villager (Male) |
| 15:19 | Build | Farm |
| 15:19 | Build | Farm |
| 15:20 | Build | Farm |
| 15:20 | Build | Farm |
| 16:03 | Create | Villager (Male) |
| 16:22 | Create | Villager (Male) |
| 16:23 | Create | Villager (Male) |
| 16:23 | Create | Villager (Male) |
| 16:32 | Build | House |
| 16:45 | Build | Farm |
| 16:45 | Build | Farm |
| 17:33 | Build | Palisade Wall |
| 17:36 | Build | Palisade Wall |
| 17:45 | Build | Blacksmith |
| 18:30 | Research | Castle Age |
| 18:40 | Build | Farm |
| 18:41 | Build | Farm |
| 18:44 | Research | Horse Collar |
| 18:44 | Research | Horse Collar |
| 19:12 | Build | Farm |
| 19:13 | Build | Farm |
| 19:36 | Research | Scale Mail Armor |
| 19:41 | Build | Farm |
| 20:10 | Build | Barracks |
| 20:49 | Research | Forging |
| 20:49 | Research | Forging |
| 20:57 | Build | Barracks |
| 20:59 | Research | Tech 1402 |
| 21:00 | Research | Tech 1402 |
| 21:03 | Create | Villager (Male) |
| 21:10 | Age | Castle Age |
| 21:16 | Research | Chain Mail Armor |
| 21:16 | Research | Chain Mail Armor |
| 21:19 | Create | Villager (Male) |
| 21:28 | Build | Barracks |
| 21:39 | Create | Unit 2550 |
| 21:46 | Research | Tech 1351 |
| 21:51 | Create | Villager (Male) |
| 22:01 | Create | Villager (Male) |
| 22:05 | Build | Farm |
| 22:16 | Create | Unit 2550 |
| 22:16 | Create | Unit 2550 |
| 22:26 | Build | Palisade Wall |
| 22:28 | Build | Palisade Wall |
| 22:31 | Create | Unit 2550 |
| 22:31 | Create | Unit 2550 |
| 22:44 | Create | Unit 2550 |
| 22:50 | Create | Villager (Male) |
| 22:59 | Create | Villager (Male) |
| 22:59 | Create | Villager (Male) |
| 23:01 | Create | Unit 2550 |
| 23:16 | Build | Farm |
| 23:17 | Build | Farm |
| 23:26 | Build | Palisade Wall |
| 23:27 | Build | Palisade Wall |
| 23:30 | Build | Palisade Wall |
| 23:31 | Build | Palisade Wall |
| 23:34 | Create | Unit 2550 |
| 23:34 | Create | Unit 2550 |
| 23:36 | Create | Villager (Male) |
| 23:41 | Create | Villager (Male) |
| 23:44 | Build | Siege Workshop |
| 23:51 | Create | Unit 2550 |
| 24:01 | Create | Unit 2550 |
| 24:01 | Create | Unit 2550 |
| 24:04 | Build | Farm |
| 24:05 | Build | Farm |
| 24:21 | Create | Spearman |
| 24:21 | Create | Spearman |
| 24:22 | Create | Spearman |
| 24:23 | Create | Villager (Male) |
| 24:35 | Create | Villager (Male) |
| 24:35 | Create | Villager (Male) |
| 24:39 | Create | Spearman |
| 24:39 | Create | Spearman |
| 24:48 | Research | Pikeman (upgrade) |
| 24:48 | Research | Pikeman (upgrade) |
| 24:56 | Create | Villager (Male) |
| 25:05 | Create | Spearman |
| 25:06 | Create | Spearman |
| 25:06 | Create | Spearman |
| 25:07 | Create | Battering Ram |
| 25:09 | Build | House |
Build order — [R1] 12Tirador
First 150 of 641 actions detected
| 0:00 | Create | Villager (Male) |
| 0:00 | Create | Villager (Male) |
| 0:01 | Create | Villager (Male) |
| 0:04 | Create | Villager (Male) |
| 0:04 | Create | Villager (Male) |
| 0:11 | Create | Villager (Male) |
| 1:14 | Create | Villager (Male) |
| 2:12 | Create | Villager (Male) |
| 2:34 | Create | Villager (Male) |
| 2:35 | Create | Villager (Male) |
| 3:10 | Build | Lumber Camp |
| 3:41 | Create | Villager (Male) |
| 4:10 | Create | Villager (Male) |
| 4:12 | Create | Villager (Male) |
| 5:13 | Create | Villager (Male) |
| 5:13 | Create | Villager (Male) |
| 5:21 | Create | Villager (Male) |
| 5:35 | Build | Dock |
| 6:14 | Create | Fishing Ship |
| 6:29 | Create | Villager (Male) |
| 6:34 | Create | Fishing Ship |
| 6:45 | Create | Villager (Male) |
| 7:02 | Create | Fishing Ship |
| 7:02 | Create | Fishing Ship |
| 7:20 | Research | Loom |
| 7:46 | Research | Feudal Age |
| 7:58 | Create | Villager (Male) |
| 8:01 | Build | Mining Camp |
| 8:41 | Build | Dock |
| 9:14 | Create | Fishing Ship |
| 9:50 | Build | Dock |
| 10:00 | Age | Feudal Age |
| 10:04 | Research | Double-Bit Axe |
| 10:05 | Create | Unit 2626 |
| 10:11 | Create | Unit 2626 |
| 10:14 | Create | Villager (Male) |
| 10:27 | Create | Villager (Male) |
| 10:28 | Create | Fishing Ship |
| 10:31 | Create | Unit 2626 |
| 10:31 | Create | Transport Ship |
| 10:31 | Create | Unit 2626 |
| 10:35 | Create | Unit 2626 |
| 10:45 | Create | Villager (Male) |
| 10:49 | Create | Villager (Male) |
| 10:53 | Create | Unit 2626 |
| 10:59 | Create | Villager (Male) |
| 11:03 | Create | Villager (Male) |
| 11:16 | Create | Villager (Male) |
| 11:23 | Create | Unit 2626 |
| 11:24 | Create | Unit 2626 |
| 11:38 | Create | Villager (Male) |
| 11:42 | Create | Unit 2626 |
| 11:45 | Create | Villager (Male) |
| 12:03 | Create | Villager (Male) |
| 12:08 | Create | Fire Galley |
| 12:08 | Create | Fire Galley |
| 12:14 | Create | Villager (Male) |
| 12:32 | Create | Villager (Male) |
| 12:35 | Create | Unit 2626 |
| 12:35 | Create | Unit 2626 |
| 13:01 | Create | Villager (Male) |
| 13:07 | Create | Villager (Male) |
| 13:23 | Create | Villager (Male) |
| 13:36 | Build | Mill |
| 13:41 | Build | Barracks |
| 13:50 | Create | Fishing Ship |
| 13:51 | Create | Villager (Male) |
| 13:55 | Create | Villager (Male) |
| 13:57 | Create | Villager (Male) |
| 14:09 | Create | Fishing Ship |
| 14:09 | Create | Fishing Ship |
| 14:24 | Create | Spearman |
| 14:24 | Create | Spearman |
| 14:26 | Create | Villager (Male) |
| 14:31 | Create | Villager (Male) |
| 14:33 | Build | Farm |
| 14:34 | Create | Villager (Male) |
| 14:43 | Create | Villager (Male) |
| 14:45 | Build | Farm |
| 15:00 | Create | Fishing Ship |
| 15:05 | Create | Villager (Male) |
| 15:15 | Create | Villager (Male) |
| 15:17 | Create | Fishing Ship |
| 15:24 | Create | Spearman |
| 15:27 | Create | Villager (Male) |
| 15:30 | Build | Farm |
| 15:30 | Create | Villager (Male) |
| 15:53 | Create | Villager (Male) |
| 15:54 | Create | Fishing Ship |
| 15:54 | Create | Fishing Ship |
| 15:57 | Create | Villager (Male) |
| 15:58 | Create | Villager (Male) |
| 16:05 | Research | Town Watch |
| 16:05 | Create | Villager (Male) |
| 16:11 | Create | Villager (Male) |
| 16:15 | Create | Villager (Male) |
| 16:15 | Create | Villager (Male) |
| 16:25 | Create | Spearman |
| 16:36 | Create | Villager (Male) |
| 16:42 | Create | Villager (Male) |
| 16:49 | Build | Market |
| 17:01 | Build | Market |
| 17:13 | Create | Villager (Male) |
| 17:18 | Create | Villager (Male) |
| 17:19 | Create | Villager (Male) |
| 17:21 | Build | Watch Tower |
| 17:23 | Build | Blacksmith |
| 17:25 | Create | Fishing Ship |
| 17:25 | Create | Fishing Ship |
| 17:26 | Create | Villager (Male) |
| 17:29 | Create | Villager (Male) |
| 17:55 | Research | Castle Age |
| 18:00 | Build | Lumber Camp |
| 18:06 | Create | Villager (Male) |
| 18:31 | Create | Villager (Male) |
| 18:47 | Research | Tech 906 |
| 19:13 | Create | Fishing Ship |
| 19:13 | Create | Fishing Ship |
| 19:13 | Create | Fishing Ship |
| 19:30 | Create | Galley ×2 |
| 19:48 | Create | Villager (Male) |
| 19:51 | Create | Villager (Male) |
| 20:01 | Build | Dock |
| 20:15 | Build | Dock |
| 20:31 | Create | Villager (Male) |
| 20:35 | Age | Castle Age |
| 20:40 | Create | Villager (Male) |
| 20:43 | Build | Town Center |
| 20:48 | Build | Town Center |
| 21:11 | Create | Villager (Male) |
| 21:15 | Create | Villager (Male) |
| 21:20 | Create | Villager (Male) |
| 21:20 | Create | Villager (Male) |
| 21:27 | Build | Outpost |
| 21:31 | Build | Outpost |
| 21:32 | Build | Outpost |
| 21:39 | Create | Spearman |
| 21:43 | Create | Villager (Male) |
| 21:47 | Create | Villager (Male) |
| 21:50 | Research | Bow Saw |
| 21:51 | Create | Villager (Male) |
| 22:00 | Create | Villager (Male) |
| 22:09 | Create | Villager (Male) |
| 22:15 | Build | Archery Range |
| 22:15 | Create | Villager (Male) |
| 22:21 | Create | Fishing Ship |
| 22:22 | Create | Fishing Ship |
| 22:22 | Create | Fishing Ship |
| 22:28 | Create | Fishing Ship |
| 22:30 | Create | Villager (Male) |
Build order — Moneimon
First 150 of 538 actions detected
| 0:00 | Create | Villager (Male) |
| 0:00 | Create | Villager (Male) |
| 0:02 | Build | House |
| 0:03 | Build | House |
| 0:09 | Create | Villager (Male) |
| 0:09 | Create | Villager (Male) |
| 0:09 | Create | Villager (Male) |
| 0:09 | Create | Villager (Male) |
| 0:46 | Build | Mill |
| 1:34 | Create | Villager (Male) |
| 1:58 | Create | Villager (Male) |
| 2:11 | Create | Villager (Male) |
| 2:50 | Create | Villager (Male) |
| 2:51 | Create | Villager (Male) |
| 3:19 | Build | House |
| 3:27 | Create | Villager (Male) |
| 3:28 | Create | Villager (Male) |
| 4:08 | Create | Villager (Male) |
| 4:38 | Create | Villager (Male) |
| 5:06 | Create | Villager (Male) |
| 5:19 | Build | Lumber Camp |
| 5:49 | Research | Feudal Age |
| 5:49 | Research | Feudal Age |
| 6:30 | Build | House |
| 7:09 | Create | Villager (Male) |
| 7:20 | Build | Barracks |
| 8:00 | Age | Feudal Age |
| 8:03 | Create | Villager (Male) |
| 8:19 | Create | Villager (Male) |
| 8:22 | Build | Stable |
| 8:37 | Research | Double-Bit Axe |
| 8:38 | Create | Villager (Male) |
| 8:45 | Create | Villager (Male) |
| 8:56 | Build | House |
| 9:01 | Create | Villager (Male) |
| 9:06 | Research | Horse Collar |
| 9:06 | Research | Horse Collar |
| 9:21 | Create | Scout Cavalry |
| 9:26 | Build | Farm |
| 9:31 | Build | House |
| 9:36 | Build | Palisade Wall |
| 9:39 | Create | Villager (Male) |
| 9:47 | Create | Scout Cavalry |
| 9:51 | Research | Loom |
| 9:53 | Build | Farm |
| 10:04 | Create | Villager (Male) |
| 10:13 | Create | Villager (Male) |
| 10:19 | Build | Palisade Wall |
| 10:21 | Create | Villager (Male) |
| 10:23 | Build | House |
| 10:25 | Build | Palisade Wall |
| 10:28 | Build | Farm |
| 10:30 | Create | Scout Cavalry |
| 10:53 | Create | Scout Cavalry |
| 11:00 | Build | House |
| 11:07 | Build | Farm |
| 11:21 | Build | Farm |
| 11:29 | Create | Scout Cavalry |
| 11:30 | Create | Villager (Male) |
| 11:47 | Create | Villager (Male) |
| 12:04 | Create | Villager (Male) |
| 12:06 | Build | House |
| 12:08 | Build | House |
| 12:15 | Build | Farm |
| 12:21 | Build | Blacksmith |
| 12:34 | Build | Farm |
| 12:39 | Create | Camel Scout |
| 12:46 | Build | Farm |
| 12:52 | Create | Villager (Male) |
| 12:54 | Create | Spearman |
| 12:56 | Build | Palisade Wall |
| 12:58 | Build | House |
| 13:02 | Build | Palisade Wall |
| 13:10 | Create | Villager (Male) |
| 13:18 | Create | Villager (Male) |
| 13:22 | Create | Villager (Male) |
| 13:24 | Build | Mining Camp |
| 13:28 | Build | House |
| 13:32 | Build | Palisade Wall |
| 13:39 | Create | Villager (Male) |
| 13:50 | Create | Villager (Male) |
| 14:05 | Research | Forging |
| 14:05 | Create | Villager (Male) |
| 14:15 | Build | Farm |
| 14:16 | Build | Farm |
| 14:23 | Create | Villager (Male) |
| 14:28 | Create | Camel Scout |
| 14:37 | Build | Farm |
| 14:38 | Create | Spearman |
| 14:48 | Research | Town Watch |
| 15:22 | Create | Villager (Male) |
| 15:41 | Build | Farm |
| 15:42 | Build | Farm |
| 15:43 | Create | Camel Scout |
| 15:58 | Create | Villager (Male) |
| 16:20 | Build | Farm |
| 16:21 | Create | Camel Scout |
| 16:31 | Create | Villager (Male) |
| 16:59 | Create | Villager (Male) |
| 17:10 | Build | Farm |
| 17:30 | Create | Villager (Male) |
| 18:07 | Research | Castle Age |
| 18:30 | Build | Stable |
| 18:48 | Research | Scale Barding Armor |
| 19:10 | Research | Bloodlines |
| 19:16 | Build | Farm |
| 19:43 | Build | Market |
| 20:16 | Build | House |
| 20:18 | Build | House |
| 20:27 | Create | Villager (Male) |
| 20:47 | Age | Castle Age |
| 20:51 | Build | Town Center |
| 20:53 | Create | Villager (Male) |
| 20:59 | Build | Town Center |
| 21:03 | Research | Light Cavalry (upgrade) |
| 21:03 | Research | Light Cavalry (upgrade) |
| 21:09 | Create | Scout Cavalry |
| 21:09 | Create | Scout Cavalry |
| 21:28 | Build | Farm |
| 21:29 | Build | House |
| 21:30 | Create | Villager (Male) |
| 21:37 | Create | Scout Cavalry |
| 22:05 | Create | Villager (Male) |
| 22:11 | Create | Scout Cavalry |
| 22:18 | Research | Iron Casting |
| 22:19 | Build | Farm |
| 22:21 | Create | Scout Cavalry |
| 22:35 | Create | Villager (Male) |
| 22:37 | Build | Farm |
| 22:39 | Create | Scout Cavalry |
| 22:39 | Create | Scout Cavalry |
| 22:46 | Create | Villager (Male) |
| 23:09 | Build | Farm |
| 23:10 | Build | House |
| 23:10 | Create | Villager (Male) |
| 23:15 | Create | Scout Cavalry |
| 23:15 | Create | Scout Cavalry |
| 23:35 | Create | Scout Cavalry |
| 23:39 | Build | Farm |
| 23:41 | Build | Farm |
| 23:41 | Build | Farm |
| 23:48 | Create | Scout Cavalry |
| 23:57 | Create | Villager (Male) |
| 23:59 | Build | Farm |
| 23:59 | Build | House |
| 24:10 | Create | Villager (Male) |
| 24:12 | Build | Farm |
| 24:14 | Build | Farm |
| 24:18 | Create | Scout Cavalry |
| 24:22 | Create | Villager (Male) |
Build order — Mango
First 150 of 569 actions detected
| 0:01 | Create | Villager (Male) |
| 0:01 | Create | Villager (Male) |
| 0:01 | Create | Villager (Male) |
| 0:01 | Create | Villager (Male) |
| 0:02 | Build | House |
| 0:03 | Build | House |
| 0:08 | Create | Villager (Male) |
| 0:08 | Create | Villager (Male) |
| 1:18 | Create | Villager (Male) |
| 1:18 | Create | Villager (Male) |
| 1:44 | Build | Lumber Camp |
| 1:45 | Create | Villager (Male) |
| 2:14 | Create | Villager (Male) |
| 2:47 | Create | Villager (Male) |
| 3:13 | Build | House |
| 3:21 | Create | Villager (Male) |
| 3:51 | Create | Villager (Male) |
| 4:29 | Create | Villager (Male) |
| 4:47 | Build | House |
| 4:56 | Create | Villager (Male) |
| 5:15 | Build | Dock |
| 5:17 | Build | Palisade Wall |
| 5:19 | Build | Palisade Wall |
| 5:36 | Create | Villager (Male) |
| 6:02 | Create | Villager (Male) |
| 6:03 | Create | Fishing Ship |
| 6:13 | Build | House |
| 6:19 | Create | Villager (Male) |
| 6:23 | Create | Fishing Ship |
| 6:50 | Create | Villager (Male) |
| 7:08 | Create | Villager (Male) |
| 7:17 | Build | Mill |
| 7:39 | Create | Villager (Male) |
| 7:51 | Create | Fishing Ship |
| 8:01 | Research | Loom |
| 8:03 | Create | Villager (Male) |
| 8:03 | Research | Loom |
| 8:30 | Research | Feudal Age |
| 9:14 | Build | Palisade Wall |
| 10:23 | Create | Villager (Male) |
| 10:24 | Create | Villager (Male) |
| 10:54 | Build | Dock |
| 10:56 | Age | Feudal Age |
| 11:01 | Build | Market |
| 11:03 | Build | Blacksmith |
| 11:20 | Build | Palisade Wall |
| 11:21 | Build | Palisade Wall |
| 11:45 | Create | Villager (Male) |
| 12:00 | Build | Mining Camp |
| 12:12 | Create | Villager (Male) |
| 12:19 | Research | Double-Bit Axe |
| 12:33 | Build | Barracks |
| 12:43 | Build | Palisade Wall |
| 12:45 | Build | Palisade Wall |
| 12:47 | Build | House |
| 12:54 | Build | Palisade Wall |
| 12:56 | Build | Palisade Wall |
| 12:59 | Build | House |
| 13:01 | Build | Palisade Wall |
| 13:03 | Build | Palisade Wall |
| 13:04 | Build | Palisade Wall |
| 13:06 | Build | Palisade Wall |
| 13:08 | Build | Palisade Wall |
| 13:09 | Build | Palisade Wall |
| 13:12 | Build | House |
| 13:22 | Create | Villager (Male) |
| 13:26 | Research | Castle Age |
| 13:30 | Create | Spearman |
| 13:44 | Build | Palisade Wall |
| 13:45 | Build | Palisade Wall |
| 13:46 | Build | Palisade Wall |
| 14:09 | Create | Fire Galley |
| 14:09 | Create | Fire Galley |
| 14:24 | Create | Spearman |
| 14:59 | Create | Fire Galley |
| 15:07 | Build | Dock |
| 15:14 | Create | Villager (Male) |
| 15:38 | Build | Palisade Wall |
| 15:40 | Build | Palisade Wall |
| 15:45 | Create | Fire Galley |
| 15:56 | Research | Horse Collar |
| 15:58 | Build | Farm |
| 15:58 | Build | Farm |
| 15:58 | Build | Farm |
| 16:06 | Age | Castle Age |
| 16:23 | Create | Fire Galley |
| 16:24 | Create | Villager (Male) |
| 16:38 | Build | Town Center |
| 16:41 | Build | Palisade Wall |
| 16:45 | Build | Palisade Wall |
| 16:46 | Build | Palisade Wall |
| 16:57 | Build | House |
| 17:00 | Create | Villager (Male) |
| 17:20 | Create | Villager (Male) |
| 17:23 | Build | Farm |
| 17:39 | Create | Villager (Male) |
| 17:41 | Build | Farm |
| 17:42 | Build | Farm |
| 18:07 | Create | Villager (Male) |
| 18:13 | Create | Villager (Male) |
| 18:15 | Build | Stable |
| 18:32 | Create | Villager (Male) |
| 18:33 | Create | Villager (Male) |
| 18:38 | Build | Farm |
| 18:44 | Create | Villager (Male) |
| 18:48 | Build | Lumber Camp |
| 19:04 | Create | Villager (Male) |
| 19:07 | Build | Farm |
| 19:13 | Create | Camel Scout |
| 19:33 | Create | Camel Scout |
| 19:40 | Create | Villager (Male) |
| 19:42 | Build | Farm |
| 19:49 | Build | Farm |
| 19:56 | Create | Villager (Male) |
| 20:03 | Build | Farm |
| 20:12 | Create | Villager (Male) |
| 20:15 | Build | House |
| 20:24 | Build | Farm |
| 20:25 | Create | Villager (Male) |
| 20:34 | Create | Villager (Male) |
| 20:49 | Build | Farm |
| 20:49 | Build | Farm |
| 20:51 | Build | Farm |
| 20:52 | Create | Villager (Male) |
| 21:02 | Create | Villager (Male) |
| 21:02 | Create | Villager (Male) |
| 21:24 | Create | Villager (Male) |
| 21:26 | Build | Outpost |
| 21:27 | Build | Outpost |
| 21:29 | Create | Villager (Male) |
| 21:38 | Create | Villager (Male) |
| 21:51 | Build | Town Center |
| 22:06 | Build | Town Center |
| 22:07 | Create | Villager (Male) |
| 22:07 | Create | Villager (Male) |
| 22:09 | Create | Villager (Male) |
| 22:11 | Build | House |
| 22:17 | Create | Villager (Male) |
| 22:25 | Create | Villager (Male) |
| 22:29 | Create | Camel Scout |
| 22:33 | Build | House |
| 22:34 | Build | House |
| 22:45 | Create | Villager (Male) |
| 22:47 | Build | Outpost |
| 22:49 | Build | Outpost |
| 22:50 | Create | Villager (Male) |
| 23:00 | Build | Farm |
| 23:18 | Create | Villager (Male) |
| 23:18 | Create | Villager (Male) |
| 23:32 | Create | Villager (Male) |
Match timeline
| 3:50 | [R1] Pume · wall_segment Palisade Wall x1 |
| 4:01 | Oni.TaToH · wall_segment Palisade Wall x1 |
| 4:02 | Oni.TaToH · wall_segment Palisade Wall x1 |
| 4:05 | Oni.TaToH · wall_segment Palisade Wall x1 |
| 4:07 | Oni.TaToH · wall_segment Palisade Wall x1 |
| 4:11 | NOC | Running · wall_segment Palisade Wall x1 |
| 4:13 | NOC | Running · wall_segment Palisade Wall x1 |
| 4:15 | NOC | Running · wall_segment Palisade Wall x1 |
| 4:16 | NOC | Running · wall_segment Palisade Wall x1 |
| 4:34 | NOC | Terz · first_building Dock |
| 4:46 | Oni.TaToH · wall_segment Palisade Wall x1 |
| 4:47 | Oni.TaToH · wall_segment Palisade Wall x1 |
| 4:49 | Oni.TaToH · wall_segment Palisade Wall x1 |
| 4:52 | Oni.TaToH · wall_segment Palisade Wall x1 |
| 5:00 | NOC | Terz · wall_segment Palisade Wall x1 |
| 5:01 | NOC | Terz · wall_segment Palisade Wall x1 |
| 5:04 | Oni.TaToH · wall_segment Palisade Wall x1 |
| 5:11 | Oni.TaToH · wall_segment Palisade Wall x1 |
| 5:15 | Mango · first_building Dock |
| 5:17 | Mango · wall_segment Palisade Wall x1 |
| 5:19 | Mango · wall_segment Palisade Wall x1 |
| 5:19 | Oni.TaToH · wall_segment Palisade Wall x1 |
| 5:21 | NOC | Running · first_building Dock |
| 5:27 | Nervkeks · first_building Dock |
| 5:35 | Nervkeks · wall_segment Palisade Wall x1 |
| 5:35 | [R1] 12Tirador · first_building Dock |
| 5:36 | Nervkeks · wall_segment Palisade Wall x1 |
| 5:49 | NOC | Running · wall_segment Palisade Wall x1 |
| 5:50 | Oni.TaToH · first_building Dock |
| 5:50 | NOC | Running · wall_segment Palisade Wall x1 |
| 6:09 | [R1] Pume · first_building Dock |
| 7:20 | Moneimon · first_building Barracks |
| 7:30 | [R1] Pume · wall_segment Palisade Wall x1 |
| 7:31 | [R1] Pume · wall_segment Palisade Wall x1 |
| 7:32 | [R1] Pume · wall_segment Palisade Wall x1 |
| 8:00 | Moneimon · age_up feudal |
| 8:22 | Moneimon · first_building Stable |
| 8:26 | Nervkeks · first_building Barracks |
| 9:00 | Nervkeks · wall_segment Palisade Wall x1 |
| 9:01 | Nervkeks · wall_segment Palisade Wall x1 |
| 9:14 | Mango · wall_segment Palisade Wall x1 |
| 9:14 | NOC | Terz · first_building Barracks |
| 9:16 | Nervkeks · age_up feudal |
| 9:27 | Nervkeks · first_building Stable |
| 9:36 | Moneimon · wall_segment Palisade Wall x10 |
| 9:40 | NOC | Terz · age_up feudal |
| 9:41 | NOC | Running · age_up feudal |
| 9:45 | Oni.TaToH · age_up feudal |
| 10:00 | NOC | Terz · first_building Stable |
| 10:00 | [R1] 12Tirador · age_up feudal |
| 10:15 | [R1] Pume · age_up feudal |
| 10:19 | Moneimon · wall_segment Palisade Wall x9 |
| 10:25 | Moneimon · wall_segment Palisade Wall x2 |
| 10:44 | [R1] Pume · wall_segment Palisade Wall x1 |
| 10:56 | Mango · age_up feudal |
| 11:20 | Mango · wall_segment Palisade Wall x1 |
| 11:21 | Mango · wall_segment Palisade Wall x1 |
| 11:45 | Oni.TaToH · wall_segment Palisade Wall x3 |
| 12:20 | Oni.TaToH · wall_segment Palisade Wall x1 |
| 12:20 | Oni.TaToH · wall_segment Palisade Wall x1 |
| 12:20 | Oni.TaToH · wall_segment Palisade Wall x1 |
| 12:33 | Mango · first_building Barracks |
| 12:43 | Mango · wall_segment Palisade Wall x1 |
| 12:45 | Mango · wall_segment Palisade Wall x1 |
| 12:54 | Mango · wall_segment Palisade Wall x1 |
| 12:56 | Mango · wall_segment Palisade Wall x1 |
| 12:56 | Moneimon · wall_segment Palisade Wall x1 |
| 13:01 | Mango · wall_segment Palisade Wall x1 |
| 13:02 | Moneimon · wall_segment Palisade Wall x1 |
| 13:03 | Mango · wall_segment Palisade Wall x1 |
| 13:04 | Mango · wall_segment Palisade Wall x1 |
| 13:06 | Mango · wall_segment Palisade Wall x1 |
| 13:08 | Mango · wall_segment Palisade Wall x1 |
| 13:09 | Mango · wall_segment Palisade Wall x1 |
| 13:12 | Oni.TaToH · first_building Barracks |
| 13:26 | Mango · first_market_sell 100 wood |
| 13:26 | Mango · first_market_buy 100 food |
| 13:29 | Oni.TaToH · wall_segment Palisade Wall x1 |
| 13:29 | Oni.TaToH · wall_segment Palisade Wall x1 |
| 13:30 | Oni.TaToH · wall_segment Palisade Wall x1 |
| 13:30 | Oni.TaToH · wall_segment Palisade Wall x1 |
| 13:32 | Oni.TaToH · wall_segment Palisade Wall x1 |
| 13:32 | Moneimon · wall_segment Palisade Wall x1 |
| 13:34 | Oni.TaToH · wall_segment Palisade Wall x1 |
| 13:34 | Oni.TaToH · wall_segment Palisade Wall x1 |
| 13:41 | [R1] 12Tirador · first_building Barracks |
| 13:44 | Mango · wall_segment Palisade Wall x1 |
| 13:45 | Mango · wall_segment Palisade Wall x1 |
| 13:46 | Mango · wall_segment Palisade Wall x1 |
| 13:48 | Oni.TaToH · wall_segment Palisade Wall x1 |
| 13:51 | Nervkeks · wall_segment Palisade Wall x1 |
| 13:51 | Oni.TaToH · wall_segment Palisade Wall x1 |
| 14:09 | [R1] Pume · wall_segment Palisade Wall x1 |
| 14:13 | [R1] Pume · wall_segment Palisade Wall x1 |
| 14:13 | Oni.TaToH · wall_segment Palisade Wall x1 |
| 14:14 | Oni.TaToH · wall_segment Palisade Wall x1 |
| 14:14 | Oni.TaToH · wall_segment Palisade Wall x1 |
| 14:15 | Oni.TaToH · wall_segment Palisade Wall x1 |
| 14:15 | Oni.TaToH · wall_segment Palisade Wall x1 |
| 14:16 | Oni.TaToH · wall_segment Palisade Wall x1 |
| 14:16 | [R1] Pume · wall_segment Palisade Wall x1 |
| 14:18 | [R1] Pume · wall_segment Palisade Wall x1 |
| 14:21 | [R1] Pume · wall_segment Palisade Wall x1 |
| 14:44 | [R1] Pume · wall_segment Palisade Wall x1 |
| 15:20 | [R1] Pume · wall_segment Palisade Wall x1 |
| 15:38 | Mango · wall_segment Palisade Wall x1 |
| 15:40 | Mango · wall_segment Palisade Wall x1 |
| 16:01 | NOC | Terz · wall_segment Palisade Wall x1 |
| 16:03 | NOC | Terz · wall_segment Palisade Wall x1 |
| 16:06 | Mango · age_up castle |
| 16:08 | NOC | Running · first_market_buy 100 food |
| 16:41 | Mango · wall_segment Palisade Wall x1 |
| 16:43 | NOC | Terz · wall_segment Palisade Wall x1 |
| 16:45 | Mango · wall_segment Palisade Wall x1 |
| 16:46 | Mango · wall_segment Palisade Wall x1 |
| 16:47 | NOC | Running · first_market_sell 100 wood |
| 16:58 | Oni.TaToH · first_market_buy 100 food |
| 17:33 | NOC | Running · wall_segment Palisade Wall x1 |
| 17:36 | NOC | Running · wall_segment Palisade Wall x1 |
| 17:52 | [R1] 12Tirador · first_market_buy 100 food |
| 18:14 | Oni.TaToH · first_market_sell 100 wood |
| 18:14 | Nervkeks · wall_segment Palisade Wall x1 |
| 18:15 | Mango · first_building Stable |
| 18:17 | Nervkeks · wall_segment Palisade Wall x1 |
| 18:20 | Nervkeks · wall_segment Palisade Wall x1 |
| 18:46 | NOC | Terz · first_market_sell 500 wood |
| 18:47 | NOC | Terz · first_market_buy 100 food |
| 19:50 | NOC | Terz · first_building Archery Range |
| 20:09 | [R1] 12Tirador · first_market_sell 100 food |
| 20:10 | NOC | Running · first_building Barracks |
| 20:11 | [R1] Pume · first_market_buy 100 wood |
| 20:31 | Nervkeks · first_building Archery Range |
| 20:35 | [R1] 12Tirador · age_up castle |
| 20:47 | Moneimon · age_up castle |
| 20:52 | Moneimon · first_market_buy 100 stone |
| 20:57 | Nervkeks · first_market_sell 500 food |
| 20:58 | Nervkeks · first_market_buy 100 wood |
| 21:10 | NOC | Running · age_up castle |
| 21:12 | Oni.TaToH · age_up castle |
| 21:15 | Nervkeks · age_up castle |
| 21:25 | Oni.TaToH · first_building Monastery |
| 22:02 | NOC | Terz · age_up castle |
| 22:07 | NOC | Terz · first_building Siege Workshop |
| 22:09 | NOC | Terz · first_building Monastery |
| 22:15 | [R1] 12Tirador · first_building Archery Range |
| 22:18 | [R1] Pume · age_up castle |
| 22:26 | NOC | Running · wall_segment Palisade Wall x1 |
| 22:28 | NOC | Running · wall_segment Palisade Wall x1 |
| 22:54 | Oni.TaToH · first_building Stable |
| 23:10 | [R1] 12Tirador · wall_segment Palisade Wall x10 |
| 23:26 | NOC | Running · wall_segment Palisade Wall x1 |
| 23:27 | NOC | Running · wall_segment Palisade Wall x1 |
| 23:30 | NOC | Running · wall_segment Palisade Wall x1 |
| 23:31 | NOC | Running · wall_segment Palisade Wall x1 |
| 23:33 | [R1] Pume · first_market_sell 100 food |
| 23:44 | NOC | Running · first_building Siege Workshop |
| 23:50 | [R1] 12Tirador · first_building Stable |
| 24:15 | Mango · first_building Monastery |
| 25:04 | [R1] Pume · first_building Monastery |
| 25:41 | [R1] Pume · first_building Barracks |
| 25:55 | [R1] 12Tirador · first_building Siege Workshop |
| 27:51 | Mango · first_building Castle |
| 28:23 | NOC | Terz · wall_segment Palisade Wall x1 |
| 28:23 | NOC | Terz · wall_segment Palisade Wall x1 |
| 28:27 | NOC | Terz · wall_segment Palisade Wall x1 |
| 28:54 | Mango · wall_segment Stone Wall x9 |
| 29:37 | Nervkeks · first_building Monastery |
| 29:39 | Mango · wall_segment Stone Wall x1 |
| 29:40 | Mango · wall_segment Stone Wall x1 |
| 29:52 | [R1] 12Tirador · first_building Castle |
| 30:19 | Mango · wall_segment Stone Wall x1 |
| 30:20 | Mango · wall_segment Stone Wall x1 |
| 30:21 | Mango · wall_segment Stone Wall x1 |
| 30:23 | Mango · age_up imperial |
| 30:23 | Mango · wall_segment Stone Wall x1 |
| 30:25 | Mango · wall_segment Stone Wall x1 |
| 30:42 | Moneimon · first_building Castle |
| 30:56 | Mango · first_building Archery Range |
| 31:56 | Oni.TaToH · first_building Siege Workshop |
| 32:00 | [R1] Pume · first_building Siege Workshop |
| 32:54 | Moneimon · first_building Monastery |
| 33:58 | Moneimon · first_market_sell 100 food |
| 34:35 | [R1] 12Tirador · age_up imperial |
| 35:21 | Moneimon · first_building Siege Workshop |
| 35:42 | Nervkeks · age_up imperial |
| 36:00 | Nervkeks · first_building Castle |
| 36:01 | Moneimon · wall_segment Palisade Wall x1 |
| 36:03 | Moneimon · wall_segment Palisade Wall x1 |
| 36:07 | Oni.TaToH · first_building Castle |
| 38:37 | [R1] Pume · age_up imperial |
| 38:58 | Mango · wall_segment Stone Wall x6 |
| 40:16 | Nervkeks · wall_segment Stone Wall x20 |
| 40:32 | NOC | Terz · first_building Castle |
| 41:01 | Nervkeks · wall_segment Stone Wall x1 |
| 41:50 | Oni.TaToH · age_up imperial |
| 41:55 | Nervkeks · wall_segment Stone Wall x2 |
| 42:00 | Nervkeks · wall_segment Stone Wall x1 |
| 42:02 | Nervkeks · wall_segment Stone Wall x1 |
| 42:06 | Nervkeks · wall_segment Stone Wall x26 |
| 42:13 | Nervkeks · wall_segment Stone Wall x38 |
| 42:27 | Nervkeks · wall_segment Stone Wall x11 |
| 42:50 | Moneimon · age_up imperial |
| 43:31 | Nervkeks · wall_segment Stone Wall x1 |
| 43:50 | Nervkeks · wall_segment Stone Wall x18 |
| 43:54 | Mango · tribute_sent a jugador 1 |
| 43:54 | Mango · tribute_sent a jugador 2 |
| 43:54 | Mango · tribute_sent a jugador 3 |
| 43:54 | Mango · tribute_sent a jugador 4 |
| 43:54 | Mango · tribute_sent a jugador 5 |
| 43:54 | Mango · tribute_sent a jugador 6 |
| 43:54 | Mango · tribute_sent a jugador 7 |
| 44:36 | Nervkeks · wall_segment Stone Wall x16 |
| 45:54 | Nervkeks · wall_segment Stone Wall x16 |
| 46:00 | Nervkeks · wall_segment Stone Wall x15 |
| 46:53 | Mango · wall_segment Stone Wall x1 |
| 47:43 | Moneimon · tribute_sent a jugador 1 |
| 47:43 | Moneimon · tribute_sent a jugador 2 |
| 47:43 | Moneimon · tribute_sent a jugador 3 |
| 47:43 | Moneimon · tribute_sent a jugador 4 |
| 47:43 | Moneimon · tribute_sent a jugador 5 |
| 47:43 | Moneimon · tribute_sent a jugador 6 |
| 47:43 | Moneimon · tribute_sent a jugador 8 |
| 47:50 | NOC | Running · age_up imperial |
| 49:12 | NOC | Terz · resign |
| 49:16 | Nervkeks · wall_segment Stone Wall x3 |
| 49:53 | Mango · wall_segment Stone Wall x20 |
[ AI ANALYSIS · 1 CREDIT ]
What really happened in this match?
Wolo.gg analyzes every decision: build order, eco, micro, common mistakes by bracket. Personalized analysis on WhatsApp or Discord in 30 seconds.
Civ guide
Jurchens
Perfil
Jugador #5017153